 Dungeon Crawl Stone Soup version 0.21.1-1-g345015fe64 (webtiles) character file.

188 Faustar the Cudgeler (level 5, -3/41 HPs)
             Began as a Demonspawn Monk on Feb 18, 2018.
             Slain by an orc
             ... wielding a +0 flail
              (4 damage)
             ... on level 3 of the Dungeon.
             The game lasted 00:04:05 (2489 turns).

Faustar the Cudgeler (Demonspawn Monk)              Turns: 2489, Time: 00:04:05

Health: -3/41      AC:  2    Str: 12    XL:     5   Next: 39%
Magic:  5/5        EV: 13    Int: 12    God:
Gold:   97         SH:  0    Dex: 15    Spells: 4/4 levels left

rFire    . . .     SeeInvis .   a - +0 mace
rCold    . . .     Gourm    .   (no shield)
rNeg     . . .     Faith    .   b - +0 robe
rPois    .         Spirit   .   (helmet restricted)
rElec    .         Reflect  .   (no cloak)
rCorr    .         Harm     .   (no gloves)
MR       .....                  (no boots)
Stlth    ++........             f - amulet of rage
HPRegen  0.13/turn              (no ring)
MPRegen  0.09/turn              (no ring)

@: slowed, very slow
A: claws 1, horns 1
a: Evoke Berserk Rage


You were on level 3 of the Dungeon.
You were very hungry.

You visited 1 branch of the dungeon, and saw 3 of its levels.

You collected 97 gold pieces.

Inventory:

Hand Weapons
 a - a +0 mace (weapon)
Armour
 b - a +0 robe (worn)
 o - a +0 buckler
Jewellery
 f - an amulet of rage (around neck)
 m - a +3 ring of intelligence {unknown}
Scrolls
 d - a scroll of fear {unknown}
 g - 2 scrolls of teleportation {unknown}
 i - a scroll of remove curse {unknown}
 j - a scroll of fog {unknown}
 k - a scroll of enchant weapon {unknown}
 l - a scroll of amnesia {unknown}
 n - a scroll of enchant armour {unknown}
Potions
 e - a potion of resistance {unknown}
 h - a potion of mutation {unknown}
 p - a potion of heal wounds {unknown}
Comestibles
 c - 9 rations


   Skills:
 - Level 3.0 Fighting
 + Level 5.6 Maces & Flails
 - Level 2.6 Dodging
 - Level 1.7 Stealth


You had 4 spell levels left.
You didn't know any spells.

Dungeon Overview and Level Annotations

Branches:
Dungeon (3/15)

Altars:
Kikubaaqudgha


Innate Abilities, Weirdness & Mutations

You have sharp fingernails.
You have a pair of small horns on your head.


Message History

The orc wizard points at you and mumbles some strange words.
The magic dart hits you!
* * * LOW HITPOINT WARNING * * *
The orc wizard closely misses you.
You closely miss the orc wizard.
The orc wizard is moderately wounded.
The orc wizard casts a spell.
The orc wizard blinks!
The orc wizard hits you with a dagger.
* * * LOW HITPOINT WARNING * * *
You closely miss the orc wizard.
The orc wizard is moderately wounded.
The orc wizard hits you with a dagger.
* * * LOW HITPOINT WARNING * * *
The orc hits you with a flail.
* * * LOW HITPOINT WARNING * * *
The orc wizard points at you and mumbles some strange words.
The magic dart hits you!
* * * LOW HITPOINT WARNING * * *
The orc hits you with a flail.
You die...

#.#.#.# #.#.# #.#.#..
#.#.# #...... #.#.#
#...... #
#.#.######...... #.
#.#.#........... #..
#.#.#.#####.....
#...###.#.#.####......
#...o@o...............
#...###.#.#.####......
##+ #.#.#.# #......
#.#.#.# #.#'###
#.#.#.# #.#.#
############.# #.#.#.#
#.#.# #.....<.......
>...... .....
..............#
#.#.#.# .#.###
##.#..........w #.#.#
....


You could see an orc wizard and an orc.

Vanquished Creatures
  An orc priest (D:3)
  An orc wizard (D:3)
  A worker ant (D:3)
  4 adders
  A worm (D:2)
  3 orcs (D:3)
  A bat skeleton (D:2)
  5 giant cockroaches
  7 goblins
  10 hobgoblins
  4 jackals (D:1)
  4 kobolds
  A quokka (D:3)
  2 ball pythons
  7 bats
  3 frilled lizards
  6 rats
61 creatures vanquished.

Notes
Turn   | Place    | Note
-------+----------+-------------------------------------------
     0 | D:1      | Faustar the Demonspawn Monk began the quest for the Orb.
     0 | D:1      | Reached XP level 1. HP: 18/18 MP: 1/1
    24 | D:1      | Reached skill level 3 in Maces & Flails
    34 | D:1      | Gained mutation: You have a pair of small horns on your head. [demonic ancestry]
    34 | D:1      | Reached XP level 2. HP: 1/24 MP: 2/2
   858 | D:1      | Gained mutation: You have sharp fingernails. [demonic ancestry]
   858 | D:1      | Reached XP level 3. HP: 21/29 MP: 3/3
   917 | D:1      | Reached skill level 4 in Maces & Flails
  1612 | D:2      | Reached XP level 4. HP: 32/35 MP: 4/4
  1821 | D:2      | Found an ancient bone altar of Kikubaaqudgha.
  2024 | D:3      | Reached skill level 5 in Maces & Flails
  2347 | D:3      | Reached XP level 5. HP: 27/41 MP: 5/5
  2489 | D:3      | HP: 1/41 [orc wizard/magic dart (6)]
  2489 | D:3      | Slain by an orc

Skill      XL: |  1  2  3  4 |
---------------+-------------+-----
Maces & Flails | 3 4 5 |  5.6
Fighting       | |  3.0
Dodging        | |  2.6
Stealth        | |  1.7

Action                   |  1- 3 |  4- 6 || total
-------------------------+-------+-------++-------
Melee: Mace              |   113 |    63 ||   176
       Headbutt          |    17 |    19 ||    36
 Stab: Sleeping          |     5 |     3 ||     8
  Eat: Chunk             |     2 |     2 ||     4
Armor: Robe              |    39 |     7 ||    46
Dodge: Dodged            |   118 |    52 ||   170
